 Dungeon Crawl Stone Soup version 0.25-a0-35-g747a2b3c0c (webtiles) character file.

Game seed: 5761357726224288932, levelgen mode: deterministic

112 saltybanana the Skirmisher (level 4, 0/40 HPs)
             Began as a Hill Orc Fighter on Oct 19, 2019.
             Succumbed to a scorpion's poison
             ... on level 2 of the Dungeon.
             The game lasted 00:14:04 (2240 turns).

saltybanana the Skirmisher (Hill Orc Fighter)       Turns: 2240, Time: 00:14:04

Health: 0/40       AC:  7    Str: 19    XL:     4   Next: 93%
Magic:  4/4        EV:  7    Int:  8    God:
Gold:   81         SH:  9    Dex: 10    Spells: 3/3 levels left

rFire    . . .     SeeInvis .   a - +0 long sword
rCold    . . .     Gourm    .   c - +0 shield
rNeg     . . .     Faith    .   b - +0 scale mail
rPois    .         Spirit   .   (no helmet)
rElec    .         Reflect  .   (no cloak)
rCorr    .         Harm     .   (no gloves)
MR       .....     Rnd*Tele +   (no boots)
Stlth    ..........             (no amulet)
HPRegen  0.13/turn              h - ring of teleportation (curse)
MPRegen  0.09/turn              m - ring of attention (curse)

@: lethally poisoned (0 -> -12)
A: no striking features
a: no special abilities


You were on level 2 of the Dungeon.
You were very full.

You visited 1 branch of the dungeon, and saw 2 of its levels.

You collected 81 gold pieces.

Inventory:

Hand Weapons
 a - a +0 long sword (weapon)
 g - a +0 hand axe
 k - a +0 mace
Missiles
 i - 28 arrows
Armour
 b - a +0 scale mail (worn)
 c - a +0 shield (worn)
 l - a +0 scale mail
Magical Staves
 n - an uncursed staff of cold
Jewellery
 h - a cursed ring of teleportation (left hand)
 m - a cursed ring of attention (right hand)
Scrolls
 e - 5 scrolls of teleportation
Potions
 d - a potion of might
Comestibles
 f - 3 rations


   Skills:
 + Level 4.2 Fighting
 + Level 3.7 Long Blades
 + Level 3.7 Armour
 + Level 0.6 Dodging
 + Level 0.1 Stealth
 + Level 4.1 Shields


You had 3 spell levels left.
You didn't know any spells.
Your spell library was empty.

Dungeon Overview and Level Annotations

Branches:
Dungeon (2/15)

Altars:
Xom


Message History

The scorpion stings you but does no damage.
You closely miss the scorpion.
The scorpion is moderately wounded.
* * * LOW HITPOINT WARNING * * *
You feel sick.
The phantom blinks!
The scorpion barely misses you.
You hit the scorpion but do no damage.
The scorpion is moderately wounded.
* * * LOW HITPOINT WARNING * * *
You feel sick. The scorpion stings you.
* * * LOW HITPOINT WARNING * * *
You are more poisoned.
The scorpion poisons you!
You hit the scorpion but do no damage.
The scorpion is moderately wounded.
* * * LOW HITPOINT WARNING * * *
You feel sick.
The scorpion stings you but does no damage.
You hit the scorpion.
The scorpion is heavily wounded.
You die...

#........ #.#......#
#.#......# #.........
#.[.....# #.##....#
###W......#
###.#####........##
#......@%<.......#######
#.....s.................
#..............#.###.###
#..######.#....#.# #.# #.
#.#....#.###.# #########
#.#..........# #...#...#
#.##...#.###.#
####.##.##.###.##...#.# #.#
#..##.##.##._#........###.#


You could see a phantom and a scorpion.

Vanquished Creatures
  Terence (D:2)
  Robin (D:2)
  2 adders (D:2)
  3 dart slugs
  5 bats
  5 giant cockroaches
  12 goblins
  3 hobgoblins
  5 jackals
  A frilled lizard (D:1)
  6 kobolds
  4 rats
48 creatures vanquished.

Notes
Turn   | Place    | Note
-------+----------+-------------------------------------------
     0 | D:1      | saltybanana the Hill Orc Fighter began the quest for the
                  | Orb.
     0 | D:1      | Reached XP level 1. HP: 19/19 MP: 1/1
   404 | D:1      | Reached XP level 2. HP: 13/27 MP: 2/2
   739 | D:1      | Reached XP level 3. HP: 30/33 MP: 3/3
  1373 | D:2      | Noticed Terence
  1386 | D:2      | Killed Terence
  1526 | D:2      | Reached XP level 4. HP: 34/40 MP: 4/4
  1636 | D:2      | Found a shimmering altar of Xom.
  1699 | D:2      | Noticed Robin
  1723 | D:2      | Killed Robin
  1725 | D:2      | HP: 1/40 [hobgoblin[Robin] (3)]
  2214 | D:2      | Noticed a phantom
  2239 | D:2      | HP: 2/40 [poisoned by a scorpion]
  2240 | D:2      | Succumbed to a scorpion's poison

Levels and vault maps discovered:
D:1:      saegor_arrival_miasma, layout_basic
D:2:      layout_loops_ring, marbit_many_paths, uniq_terence, uniq_robin

Skill      XL: |  1  2  3  4 |
---------------+-------------+-----
Fighting       | 4 |  4.2
Long Blades    | 3 |  3.7
Shields        | 4 |  4.1
Armour         | |  3.7
Dodging        | |  0.6
Stealth        | |  0.1

Action                   |  1- 3 |  4- 6 || total
-------------------------+-------+-------++-------
Melee: Long sword        |   123 |    90 ||   213
  Use: Scroll            |     2 |     1 ||     3
       Potion            |       |     2 ||     2
  Eat: Chunk             |     2 |       ||     2
       Ration            |       |     3 ||     3
Armor: Scale mail        |    60 |    34 ||    94
Dodge: Dodged            |    30 |    32 ||    62
Block: Shield            |    79 |    42 ||   121
       Rpst.: Long sword |    10 |    11 ||    21

Table legend:
 A = Non-vault XP
 B = Vault XP
 C = Vault XP percentage of total XP
 D = Non-vault monster count
 E = Vault monster count
 F = Vault count percentage of total count
                 A         B        C        D         E       F
            +---------+---------+-------+---------+---------+-------
      Total |      88 |      72 |  45.0 |      36 |      12 |  25.0
            +---------+---------+-------+---------+---------+-------
        D:1 |      41 |       0 |   0.0 |      23 |       0 |   0.0
        D:2 |      47 |      72 |  60.5 |      13 |      12 |  48.0
            +---------+---------+-------+---------+---------+-------
